Map: Ruins of Seras

Players

McNito

  • Race: Protoss Protoss
  • League: Bronze

SticklerMac

  • Race: Terran Terran
  • League: Bronze

VOD

Have the link to the VOD?

Description

Time

  • Played on: Aug. 4, 2015, 1:11 a.m.
  • Length: 5:13
Show
View Real Time Build Order
Export as new Build Order

McNito Protoss 

Build Orders: Nexus First 

Get SALT Encoding   

  12  0:01  Probe  
  13  0:14  Probe  
  14  0:43  Nexus  
  14  0:54  Pylon  
  14  1:13  Probe (Chrono Boost)  
  15  1:23  Probe (Chrono Boost), Gateway  
  16  1:30  Probe (Chrono Boost), Assimilator x2  
  17  1:42  Probe (Chrono Boost)  
  18  1:49  Probe (Chrono Boost)  
  18  2:14  Probe (Chrono Boost)  
  19  2:22  Cybernetics Core  
  19  2:35  Probe (Chrono Boost)  
  21  2:41  Probe (Chrono Boost)  
  20  2:44  Pylon  
  20  2:58  Stalker (Chrono Boost)  
  20  3:01  Warp Gate (Chrono Boost)  
  20  3:05  Probe (Chrono Boost)  
  24  3:10  Probe (Chrono Boost)  
  24  3:15  Probe (Chrono Boost)  
  24  3:19  Probe (Chrono Boost)  
  26  3:22  Probe  
  27  3:30  Probe  
  28  3:34  Probe  
  29  3:43  Robotics Facility  
  29  3:45  Probe (Chrono Boost), Pylon  
  29  3:47  Probe (Chrono Boost)  
  34  3:57  Mothership Core (Chrono Boost)  
  34  3:58  Probe (Chrono Boost)  
  34  4:06  Probe, Gateway  
  34  4:07  Gateway  
  34  4:09  Gateway  
  35  4:11  Gateway  
  35  4:13  Gateway, Probe  
  36  4:18  Probe  
  36  4:20  Gateway  
  37  4:29  Gateway  
  37  4:32  Pylon  
  37  4:49  Probe (Chrono Boost)  
  39  4:55  Probe (Chrono Boost)  
  40  5:00  Robotics Bay  
Show
View Real Time Build Order
Export as new Build Order

SticklerMac Terran 

Build Orders:  

Get SALT Encoding   

  12  0:01  SCV  
  13  0:13  SCV  
  14  0:18  Supply Depot  
  14  0:25  SCV  
  15  0:39  SCV  
  15  0:41  Barracks  
  16  0:51  SCV  
  16  0:56  Refinery  
  17  1:04  SCV  
  18  1:09  Barracks  
  18  1:16  SCV  
  19  1:26  Supply Depot  
  19  1:30  SCV  
  20  1:41  Barracks  
  20  1:45  SCV  
  21  1:59  Supply Depot  
  21  2:16  SCV  
  22  2:27  Marine  
  22  2:29  Marine  
  24  2:30  SCV  
  25  2:38  Barracks Tech Lab  
  25  2:39  Barracks  
  25  2:41  Barracks  
  25  2:56  Marine  
  25  2:57  Marine  
  27  3:00  Marauder  
  27  3:02  Stimpack  
  29  3:23  Marine, Marauder  
  29  3:25  Marine  
  32  3:27  Barracks Reactor  
  32  3:28  Barracks Reactor  
  31  3:41  Marine  
  31  3:43  Supply Depot  
  31  3:46  Marauder  
  34  3:48  Marine  
  35  4:06  Marine x2  
  35  4:07  Marine  
  35  4:08  Marauder  
  35  4:09  Factory, Marine  
  41  4:14  Marine  
  42  4:28  Marine x3  
  42  4:29  Marauder  
  47  4:43  Supply Depot  
  47  5:05  Supply Depot  
Tags
 
Add a new tag
Caveats
  • Supply blocks, unpowered buildings, or Contaminate may cause inaccurate times.
  • Supply counts are checked every 10 seconds.